 Dungeon Crawl Stone Soup version 0.25-a0-289-g406d6369f5 (webtiles) character file.

Game seed: 4331619585789284038, levelgen mode: deterministic

47930 DerDa the Thaumaturge (level 14, -16/108 HPs)
             Began as a Gnoll Wanderer on Dec 13, 2019.
             Was a High Priest of Okawaru.
             Demolished by Rupert
             ... wielding a +1 executioner's axe of freezing
              (29 damage)
             ... on level 5 of the Lair of Beasts.
             The game lasted 01:38:04 (20805 turns).

DerDa the Thaumaturge (Gnoll Wanderer)             Turns: 20805, Time: 01:38:05

Health: -16/108    AC: 18    Str: 16    XL:     14   Next: 44%
Magic:  30/37      EV: 42    Int: 21    God:    Okawaru [*****.]
Gold:   994        SH: 12    Dex: 27    Spells: 33/33 levels left

rFire    + . .     SeeInvis .   W - +0 hand axe (venom)
rCold    . . .     Gourm    .   V - +3 buckler {reflect}
rNeg     . . .     Faith    .   c - +2 leather armour "Hacemm" {Regen+}
rPois    +         Spirit   .   q - +2 helmet
rElec    .         Reflect  +   Y - +1 cloak "Lidiru Exemm" {-Cast MP+9 Dex+6 Stlth+}
rCorr    .         Harm     .   H - +2 pair of gloves {Str+3}
MR       +....     NoCast   +   y - +0 pair of boots
Stlth    +++++++...             U - amulet "Ventaoz" {Acrobat rF+}
HPRegen  0.68/turn              G - ring of poison resistance
MPRegen  0.25/turn              X - +6 ring of dexterity

@: heroism, finesse, acrobat, studying Polearms
A: distributed training, fangs 1, strong nose
a: Heroism, Finesse, Renounce Religion


You were on level 5 of the Lair of Beasts.
You worshipped Okawaru.
Okawaru was extremely pleased with you.
You were not hungry.

You visited 3 branches of the dungeon, and saw 18 of its levels.
You visited the Abyss 1 time.
You also visited: Ossuary and Ice Cave.

You collected 1466 gold pieces.
You spent 472 gold pieces at shops.

Inventory:

Hand Weapons
 a - a +1 spear of flaming
 b - a +0 hand crossbow of flaming
 D - the +6 Majin-Bo {vamp, Archmagi MP+6 Int+6}
   (Okawaru gifted it to you on level 5 of the Lair of Beasts)

   It inflicts no extra harm, but heals its wielder when it wounds a living foe.
   It affects your intelligence (+6).
   It affects your magic capacity (+6).
 L - a +4 falchion of holy wrath
 W - a +0 hand axe of venom (weapon)
Missiles
 j - 3 javelins (quivered)
 k - 150 bolts
Armour
 c - the +2 leather armour "Hacemm" (worn) {Regen+}
   (You bought it in a shop on level 5 of the Dungeon)

   It increases your rate of regeneration.
 q - a +2 helmet (worn)
 y - a +0 pair of boots (worn)
 C - a scarf of cloud immunity
 H - a +2 pair of gloves of strength (worn)
 N - a +0 cloak of invisibility
 V - a +3 buckler of reflection (worn)
 Y - the +1 cloak "Lidiru Exemm" (worn) {-Cast MP+9 Dex+6 Stlth+}
   (Okawaru gifted it to you on level 1 of the Lair of Beasts)

   It affects your dexterity (+6).
   It affects your magic capacity (+9).
   It prevents spellcasting.
   It makes you more stealthy.
Jewellery
 e - an uncursed ring of ice
 m - an uncursed ring of resist corrosion
 G - a ring of poison resistance (left hand)
 U - the amulet "Ventaoz" (around neck) {Acrobat rF+}
   (You found it on level 4 of the Lair of Beasts)

   [amulet of the acrobat]

   It helps you evade while moving and waiting.
   It protects you from fire.
 X - a +6 ring of dexterity (right hand)
Wands
 n - a wand of paralysis (7)
 t - a wand of acid (7)
 B - a wand of flame (36)
 M - a wand of enslavement (3)
 Q - a wand of iceblast (9)
Scrolls
 d - a scroll of holy word {unknown}
 h - a scroll of enchant armour
 l - 7 scrolls of teleportation
 v - 2 scrolls of remove curse
 x - 8 scrolls of magic mapping
 O - 2 scrolls of fog
 R - a scroll of enchant weapon
 S - a scroll of brand weapon
 Z - 3 scrolls of blinking {unknown}
Potions
 g - 2 potions of haste
 i - a potion of ambrosia
 o - 3 potions of resistance
 p - a potion of might
 r - a potion of heal wounds
 s - 12 potions of curing
 u - 4 potions of lignification
 A - a potion of brilliance
 F - a potion of agility
 J - a potion of invisibility
 K - 2 potions of berserk rage {unknown}
Books
 E - a manual of Polearms
Miscellaneous
 z - a sack of spiders
 T - a lightning rod (4/4)
Comestibles
 f - 34 rations
 w - 14 chunks of flesh


   Skills:
 + Level 9.4(14.4) Fighting
 + Level 9.1(14.1) Short Blades
 + Level 9.1(14.1) Long Blades
 + Level 9.1(14.1) Axes
 + Level 9.1(14.1) Maces & Flails
 + Level 10.3(15.3) Polearms
 + Level 9.1(14.1) Staves
 + Level 9.1(14.1) Slings
 + Level 9.1(14.1) Bows
 + Level 9.1(14.1) Crossbows
 + Level 10.1(15.1) Throwing
 + Level 9.1(14.1) Armour
 + Level 9.1(14.1) Dodging
 + Level 9.1(14.1) Stealth
 + Level 9.1(14.1) Shields
 + Level 10.1(15.1) Unarmed Combat
 + Level 10.3 Spellcasting
 + Level 7.5 Conjurations
 + Level 7.5 Hexes
 + Level 7.5 Charms
 + Level 7.5 Summonings
 + Level 7.5 Necromancy
 + Level 7.5 Translocations
 + Level 7.5 Transmutations
 + Level 7.5 Fire Magic
 + Level 8.5 Ice Magic
 + Level 7.5 Air Magic
 + Level 7.9 Earth Magic
 + Level 7.5 Poison Magic
 + Level 9.9 Invocations
 + Level 9.1 Evocations


You had 33 spell levels left.
You didn't know any spells.
Your spell library contained the following spells:

 Spells                   Type           Power        Failure   Level  Hunger
 Animate Skeleton         Necr           N/A          1%          1    None
 Apportation              Tloc           #####.       1%          1    None
 Confusing Touch          Hex            #####.       1%          1    None
 Foxfire                  Conj/Fire      ####         1%          1    None
 Freeze                   Ice            ####         1%          1    None
 Magic Dart               Conj           ####         1%          1    None
 Pain                     Necr           ####         1%          1    None
 Sandblast                Erth           #####.       1%          1    None
 Summon Small Mammal      Summ           ####         1%          1    None
 Blink                    Tloc           N/A          1%          2    None
 Call Imp                 Summ           #####...     1%          2    None
 Passwall                 Tmut/Erth      #####...     1%          2    None
 Slow                     Hex            #####...     1%          2    None
 Conjure Flame            Conj/Fire      #####...     1%          3    None
 Inner Flame              Hex/Fire       #####...     1%          3    None
 Mephitic Cloud           Conj/Pois/Air  #####...     1%          3    None
 Ozocubu's Armour         Chrm/Ice       #####...     1%          3    None
 Regeneration             Chrm/Necr      #####.....   1%          3    None
 Stone Arrow              Conj/Erth      #####.       1%          3    None
 Vampiric Draining        Necr           #####.....   1%          3    None
 Animate Dead             Necr           N/A          3%          4    ##.....
 Petrify                  Tmut/Erth      #####...     3%          4    ##.....
 Sticky Flame             Conj/Fire      #####...     3%          4    ##.....
 Lee's Rapid Deconstruct  Erth           #####.....   8%          5    ####...
 Fireball                 Conj/Fire      #####.....   9%          5    ####...
 Chain Lightning          Conj/Air       #####.....   100%        8    #######
 Lehudib's Crystal Spear  Conj/Erth      #####.....   100%        8    #######
 Fire Storm               Conj/Fire      #####.....   100%        9    #######
 Glaciate                 Conj/Ice       #####.....   100%        9    #######


Dungeon Overview and Level Annotations

Branches:
Dungeon (11/15)            Temple (1/1) D:5            Lair (6/6) D:11
 Shoals (0/4) Lair:3       Spider (0/4) Lair:4          Orc (0/2) D:11
Ossuary (visited)           IceCv (visited)
  Slime: Lair:5-6

Altars:
Ashenzari
Cheibriados
Dithmenos
Elyvilon
Fedhas
Gozag
Hepliaklqana
Kikubaaqudgha
Makhleb
Nemelex Xobeh
Okawaru
Qazlal
Ru
Sif Muna
Trog
Uskayaw
Vehumet
Wu Jian
Xom
Yredelemnul
Zin
The Shining One

Shops:
D:5 [(![   D:8 ?   D:10 !   D:11 !

Annotations:
D:9 exclusion: oklob plant
D:11 3 runed translucent doors, Jetuir's ghost, journeyman GrFi; Josiudghu's ghost, journeyman GnWz; anet's ghost, journeyman GnHu
Lair:5 Rupert


Innate Abilities, Weirdness & Mutations

Your experience applies equally to all skills.
You have very sharp teeth.
Your uncanny sense of smell can sniff out nearby items.


Message History

You hit the elephant but do no damage.
The elephant looks as sick as possible!
You hit the fungus but do no damage. You hit Rupert but do no damage.
Rupert looks as sick as possible!
Your bite misses Rupert.
Rupert is moderately wounded.
You hit the fungus. You completely miss the elephant. You slash Rupert!
Rupert looks as sick as possible!
Rupert is heavily wounded.
You hit the elephant.
The elephant looks as sick as possible!
You hit the fungus. Rupert barely misses you.
You block the elephant's attack. x2
You barely miss Rupert.
Rupert is heavily wounded.
You hit the fungus. You hit the elephant but do no damage.
The elephant looks as sick as possible!
Rupert hits you with a +1 executioner's axe of freezing!!
* * * LOW HITPOINT WARNING * * *
Rupert freezes you.
* * * LOW HITPOINT WARNING * * *
Rupert hits you with a +1 executioner's axe of freezing!!
You die...

...P##...####)...#...#...#.#.##P#
...##...#...#.............[...P..
.................................
.................##.P#.......#..#
...##P....##....#######...PP#####
..#####...###....### ##....######
..####.#..###......###.....###.#.
..PP##.#..P.#...#...#.#....#.P..#
...PP...!......@@................
....P.........Y..................
...#.....#.#..[.P...............#
...###..#####...##.P............#
..####...# ##...###............#
..###...## #...#####............
..##....P####.....###...........#
..P##....(#.#...#..#............P
.................................


You could see Rupert (berserk) and an elephant.

Vanquished Creatures
  A frost giant (IceCv)
  Nessos (Lair:4)
  Fannar (Lair:3)
  A hydra (Lair:2)
  11 death yaks
  A two-headed ogre (D:9)
  A tengu warrior (D:11)
  Nergalle (Lair:2)
  2 lindwurms (Lair:3)
  2 oklob plants (Lair:4)
  A cyclops (D:11)
  An ice statue (IceCv)
  Maurice (D:8)
  10 elephants
  4 black mambas
  A merfolk siren (Lair:3)
  8 spiny frogs
  A rime drake (Lair:4)
  3 komodo dragons
  18 polar bears
  4 hornets
  A troll (D:10)
  9 blink frogs
  8 hippogriffs
  Eustachio (D:3)
  A redback (Lair:4)
  2 basilisks
  26 yaks
  A wraith (D:11)
  Grum (D:9)
  2 hungry ghosts
  2 steam dragons
  Menkaure (D:4)
  3 soldier ants
  16 porcupines
  6 water moccasins
  An orc warrior (D:9)
  4 ice beasts
  2 black bears (D:11)
  A necrophage (D:11)
  An eye of draining (D:10)
  3 phantoms
  17 wolves
  8 ogres
  2 centaurs
  13 crocodiles
  An elf zombie (Ossuary)
  3 big kobolds
  26 bullfrogs
  A water moccasin zombie (D:6)
  2 scorpions
  A water moccasin skeleton (D:11)
  5 killer bees (D:9)
  14 wights
  4 howler monkeys
  4 electric eels
  2 human zombies (Ossuary)
  5 crimson imps
  A quasit (D:8)
  4 orc priests
  A bullfrog zombie (D:5)
  5 hounds
  12 jellies
  A bullfrog skeleton (D:9)
  7 orc wizards
  4 iguanas
  Jessica (D:2)
  A hell rat (D:7)
  8 worker ants
  3 big kobold zombies (Ossuary)
  3 hound zombies
  2 hound skeletons
  3 mummies (Ossuary)
  3 worker ant zombies
  Robin (D:2)
  11 gnolls
  7 adders
  6 river rats (D:7)
  4 shadow imps
  14 oozes
  6 adder zombies (Ossuary)
  An adder skeleton (D:6)
  3 worms
  4 dart slugs
  6 leopard geckos
  46 orcs
  8 giant cockroaches
  10 hobgoblins
  18 jackals
  25 kobolds
  8 quokkas
  3 ball pythons
  5 bats
  7 frilled lizards
  17 goblins
  2 goblin zombies (Ossuary)
  6 hobgoblin zombies (Ossuary)
  2 jackal zombies (Ossuary)
  5 kobold zombies (Ossuary)
  2 quokka zombies (Ossuary)
  20 rats
  2 rat zombies (Ossuary)
  2 fungi
  A plant (Lair:5)
585 creatures vanquished.

Vanquished Creatures (others)
  A rime drake (IceCv)
  3 polar bears (IceCv)
  2 yaks (IceCv)
  4 wolves (IceCv)
  48 fungi
  12 plants
  4 toadstools (D:3)
74 creatures vanquished.

Grand Total: 659 creatures vanquished

Notes
Turn   | Place    | Note
-------+----------+-------------------------------------------
     0 | D:1      | DerDa the Gnoll Wanderer began the quest for the Orb.
     0 | D:1      | DerDa set off with the following items: a +0 dagger, a +0
                  | robe, a ration; and the following spells available to
                  | memorise: Freeze, Sandblast, Foxfire, Passwall, Ozocubu's
                  | Armour, Stone Arrow, Mephitic Cloud, Petrify, Lee's Rapid
                  | Deconstruction
     0 | D:1      | Reached XP level 1. HP: 17/17 MP: 6/6
   498 | D:1      | Reached XP level 2. HP: 21/23 MP: 7/7
   884 | D:1      | Reached XP level 3. HP: 28/28 MP: 9/9
  1088 | D:1      | Reached skill level 5 in Spellcasting
  1405 | D:2      | Reached skill level 1 in Invocations
  1463 | D:2      | Found a sparkling altar of Nemelex Xobeh.
  1468 | D:2      | Reached skill level 1 in Short Blades
  1468 | D:2      | Reached skill level 1 in Long Blades
  1468 | D:2      | Reached skill level 1 in Axes
  1468 | D:2      | Reached skill level 1 in Maces & Flails
  1468 | D:2      | Reached skill level 1 in Polearms
  1468 | D:2      | Reached skill level 1 in Staves
  1468 | D:2      | Reached skill level 1 in Slings
  1468 | D:2      | Reached skill level 1 in Bows
  1468 | D:2      | Reached skill level 1 in Crossbows
  1468 | D:2      | Reached skill level 1 in Armour
  1468 | D:2      | Reached skill level 1 in Dodging
  1468 | D:2      | Reached skill level 1 in Stealth
  1468 | D:2      | Reached skill level 1 in Shields
  1468 | D:2      | Reached skill level 1 in Evocations
  1468 | D:2      | Reached XP level 4. HP: 24/34 MP: 8/11
  1882 | D:2      | Noticed Robin
  1893 | D:2      | Reached skill level 1 in Conjurations
  1893 | D:2      | Reached skill level 1 in Hexes
  1893 | D:2      | Reached skill level 1 in Charms
  1893 | D:2      | Reached skill level 1 in Summonings
  1893 | D:2      | Reached skill level 1 in Necromancy
  1893 | D:2      | Reached skill level 1 in Translocations
  1893 | D:2      | Reached skill level 1 in Transmutations
  1893 | D:2      | Reached skill level 1 in Fire Magic
  1893 | D:2      | Reached skill level 1 in Air Magic
  1893 | D:2      | Reached skill level 1 in Poison Magic
  1895 | D:2      | Killed Robin
  1965 | D:2      | Noticed Jessica
  1975 | D:2      | Killed Jessica
  1975 | D:2      | Reached XP level 5. HP: 33/40 MP: 9/12
  2092 | D:2      | Found a bloodstained altar of Trog.
  2099 | D:2      | Found a burning altar of Makhleb.
  2099 | D:2      | Found an iron altar of Okawaru.
  3011 | D:3      | Found a shadowy altar of Dithmenos.
  3223 | D:3      | Reached XP level 6. HP: 38/47 MP: 10/13
  3444 | D:4      | Noticed Eustachio
  3463 | D:3      | Killed Eustachio
  3463 | D:3      | Reached skill level 5 in Throwing
  3463 | D:3      | Reached skill level 5 in Unarmed Combat
  3721 | D:4      | Reached XP level 7. HP: 29/52 MP: 10/15
  3857 | D:4      | Noticed Menkaure
  3918 | D:4      | Killed Menkaure
  4031 | D:4      | Reached XP level 8. HP: 28/60 MP: 8/16
  4433 | D:5      | Entered Level 5 of the Dungeon
  4507 | D:5      | Found Puit's Distillery.
  4510 | D:5      | Bought a potion of lignification for 45 gold pieces
  4510 | D:5      | Bought a potion of heal wounds for 75 gold pieces
  4510 | D:5      | Bought a potion of agility for 60 gold pieces
  4579 | D:5      | Found Fimevi's Weapon Shoppe.
  4622 | D:5      | Found Muelearu's Armour Boutique.
  4652 | D:5      | Found a staircase to the Ecumenical Temple.
  4670 | Temple   | Entered the Ecumenical Temple
  5028 | D:2      | Became a worshipper of Warmaster Okawaru
  5193 | D:5      | Cast into level 1 of the Abyss (a distortion unwield)
  5193 | Abyss:1  | Found a corrupted altar of Lugonu.
  5231 | D:5      | Escaped the Abyss
  5324 | D:5      | Found Ryipar's Antique Armour Shoppe.
  5642 | D:6      | Found a sand-covered staircase.
  5649 | Ossuary  | Entered an ossuary
  5828 | Ossuary  | Reached XP level 9. HP: 43/66 MP: 16/18
  5897 | Ossuary  | Reached * piety under Okawaru
  5910 | Ossuary  | Reached skill level 5 in Ice Magic
  6596 | D:6      | Reached skill level 5 in Fighting
  7042 | D:6      | You fall into a shaft and drop 2 floors!
  7043 | D:8      | Noticed Maurice
  7148 | D:7      | Reached ** piety under Okawaru
  7199 | D:7      | Reached skill level 5 in Invocations
  7614 | D:5      | Bought the +2 leather armour "Hacemm" {Regen+} for 266 gold
                  | pieces
  7864 | D:7      | Reached XP level 10. HP: 48/74 MP: 12/20
  8090 | D:7      | Found a white marble altar of Elyvilon.
  8090 | D:7      | Found a stormy altar of Qazlal.
  8415 | D:7      | Found the +2 ratskin cloak {+Rats rPois rN+ Str-1 Int-1
                  | Dex+1}
  8842 | D:8      | Found Pacoharuo's Magic Scroll Emporium.
  8848 | D:8      | Found an ancient bone altar of Kikubaaqudgha.
  8986 | D:8      | Reached skill level 5 in Short Blades
  8986 | D:8      | Reached skill level 5 in Long Blades
  8986 | D:8      | Reached skill level 5 in Axes
  8986 | D:8      | Reached skill level 5 in Maces & Flails
  8986 | D:8      | Reached skill level 5 in Polearms
  8986 | D:8      | Reached skill level 5 in Staves
  8986 | D:8      | Reached skill level 5 in Slings
  8986 | D:8      | Reached skill level 5 in Bows
  8986 | D:8      | Reached skill level 5 in Crossbows
  8986 | D:8      | Reached skill level 5 in Armour
  8986 | D:8      | Reached skill level 5 in Dodging
  8986 | D:8      | Reached skill level 5 in Stealth
  8986 | D:8      | Reached skill level 5 in Shields
  8986 | D:8      | Reached skill level 5 in Evocations
  9073 | D:8      | Bought a scroll of identify for 26 gold pieces
  9242 | D:8      | Killed Maurice
  9242 | D:8      | Reached *** piety under Okawaru
  9448 | D:9      | Noticed a two-headed ogre
  9504 | D:9      | Killed a two-headed ogre
  9617 | D:9      | Reached skill level 5 in Earth Magic
  9633 | D:9      | Reached **** piety under Okawaru
 10031 | D:9      | Paralysed by a hornet for 2 turns
 10293 | D:9      | Noticed Grum
 10308 | D:9      | Killed Grum
 10308 | D:9      | Reached XP level 11. HP: 66/82 MP: 17/22
 10376 | D:9      | Noticed an oklob plant
 10400 | D:9      | Received a gift from Okawaru
 10536 | D:10     | Entered Level 10 of the Dungeon
 10931 | D:10     | Reached skill level 5 in Conjurations
 10931 | D:10     | Reached skill level 5 in Hexes
 10931 | D:10     | Reached skill level 5 in Charms
 10931 | D:10     | Reached skill level 5 in Summonings
 10931 | D:10     | Reached skill level 5 in Necromancy
 10931 | D:10     | Reached skill level 5 in Translocations
 10931 | D:10     | Reached skill level 5 in Transmutations
 10931 | D:10     | Reached skill level 5 in Fire Magic
 10931 | D:10     | Reached skill level 5 in Air Magic
 10931 | D:10     | Reached skill level 5 in Poison Magic
 10976 | D:10     | Reached ***** piety under Okawaru
 11058 | D:10     | Found Yxiun's Distillery.
 11428 | D:11     | Noticed a tengu warrior
 11440 | D:11     | Received a gift from Okawaru
 11576 | D:11     | Found Xaureu's Distillery.
 11576 | D:11     | Noticed a cyclops
 11598 | D:11     | Killed a cyclops
 11719 | D:11     | Killed a tengu warrior
 11935 | D:11     | Found a staircase to the Lair.
 11981 | D:11     | Found a staircase to the Orcish Mines.
 12420 | D:11     | Found a runed translucent gate.
 12421 | D:11     | Found a runed translucent gate.
 12422 | D:11     | Found a runed translucent gate.
 12423 | D:11     | Noticed Jetuir's ghost (journeyman GrFi)
 12423 | D:11     | Noticed anet's ghost (journeyman GnHu)
 12423 | D:11     | Noticed Josiudghu's ghost (journeyman GnWz)
 12644 | Lair:1   | Entered Level 1 of the Lair of Beasts
 12792 | Lair:1   | Received a gift from Okawaru
 13189 | Lair:1   | Received a gift from Okawaru
 13194 | Lair:1   | Got a steaming cloak {god gift}
 13205 | Lair:1   | Identified the +1 cloak "Lidiru Exemm" {-Cast MP+9 Dex+6
                  | Stlth+} (Okawaru gifted it to you on level 1 of the Lair of
                  | Beasts)
 13273 | Lair:1   | Reached XP level 12. HP: 78/91 MP: 24/24
 13514 | Lair:2   | Noticed a death yak
 13514 | Lair:2   | Noticed a death yak
 13587 | Lair:2   | Noticed a seven-headed hydra
 13601 | Lair:2   | Killed a seven-headed hydra
 13826 | Lair:2   | Noticed a death yak
 13918 | Lair:2   | Killed a death yak
 13933 | Lair:2   | Killed a death yak
 13960 | Lair:2   | Killed a death yak
 14539 | Lair:2   | Noticed Nergalle
 14563 | Lair:2   | Killed Nergalle
 14682 | Lair:3   | Noticed Fannar
 14971 | Lair:3   | Received a gift from Okawaru
 15223 | Lair:3   | Received a gift from Okawaru
 15261 | Lair:3   | Got a transparent chain mail {god gift}
 15273 | Lair:3   | Identified the +4 chain mail "Muufi" {Int+4} (Okawaru
                  | gifted it to you on level 3 of the Lair of Beasts)
 15533 | Lair:3   | Reached XP level 13. HP: 58/98 MP: 19/26
 15836 | Lair:3   | Found a staircase to the Shoals.
 16125 | Lair:3   | Killed Fannar
 16458 | Lair:4   | Noticed Nessos
 16504 | Lair:3   | Received a gift from Okawaru
 16700 | Lair:3   | Reached ****** piety under Okawaru
 17029 | Lair:4   | Found a hole to the Spider Nest.
 17613 | Lair:4   | Received a gift from Okawaru
 17617 | Lair:4   | Got a warped shield {god gift}
 17621 | Lair:4   | Got a flickering jade amulet
 17625 | Lair:4   | Identified the amulet "Ventaoz" {Acrobat rF+} (You found it
                  | on level 4 of the Lair of Beasts)
 17828 | Lair:4   | Killed Nessos
 17849 | Lair:4   | Identified the -5 shield of Voanuhoc {Int+4} (Okawaru
                  | gifted it to you on level 4 of the Lair of Beasts)
 17921 | Lair:5   | Found a frozen archway.
 17975 | IceCv    | Entered an ice cave
 18205 | IceCv    | Reached skill level 10 in Spellcasting
 18370 | IceCv    | Reached XP level 14. HP: 79/108 MP: 28/28
 18869 | IceCv    | Reached skill level 10 in Polearms
 18869 | IceCv    | Reached skill level 10 in Throwing
 18869 | IceCv    | Reached skill level 10 in Unarmed Combat
 19147 | IceCv    | Noticed a frost giant
 19610 | IceCv    | Killed a frost giant
 20236 | Lair:5   | HP: 2/108 [death yak (23)]
 20267 | Lair:5   | Received a gift from Okawaru
 20563 | Lair:5   | Received a gift from Okawaru
 20564 | Lair:5   | Found the +6 Majin-Bo {vamp, Archmagi MP+6 Int+6}
 20738 | Lair:6   | Entered Level 6 of the Lair of Beasts
 20738 | Lair:6   | Noticed Rupert
 20779 | Lair:5   | Paralysed by Rupert for 6 turns
 20805 | Lair:5   | Demolished by Rupert

Levels and vault maps discovered:
D:1:      minmay_arrival_three_doors, layout_basic
D:2:      layout_loops_ring, nemelex_xobeh_ov_fountains_minmay, minitemple,
          uniq_robin, uniq_jessica
D:3:      layout_loops_corners, lemuel_crystal_altar, first_ration,
          minmay_strange_pillars, minmay_gold_behind_fungi
D:4:      layout_rooms, uniq_eustachio, uniq_menkaure
D:5:      layout_basic, minmay_temple_entry_large_hall, serial_shops,
          kennysheep_mini, shop, shop, nicolae_shop_behind_doors
D:6:      kennysheep_windowed_halls, layout_basic, nicolae_ossuary_entry_ruins,
          st_stairs_1
D:7:      wander_guarded_unrand_ratskin, layout_gridville,
          amethyst_overflow_temple_binary
D:8:      layout_loops_ring, kiku_gazebo_pond_becter, serial_shops,
          nicolae_shop_waterfront, patterned_corridor, uniq_maurice
D:9:      lemuel_slime, layout_cross, hangedman_pestilent_swarm, uniq_grum
D:10:     layout_irregular_city, serial_shops, shop
D:11:     layout_loops_ring, due_lair_maze_entry_diamond, orc_0_dummy,
          gammafunk_ghost_cemetery, serial_shops, shop
Temple:   minmay_temple_curvy_branch
Lair:1:   layout_regular_city, serial_bayou_shore_a
Lair:2:   layout_gridlike, st_stairs_6, lemuel_fruit_tree, uniq_nergalle
Lair:3:   cheibrodos_lair_overgrown_chateau, layout_gridlike,
          minmay_shoals_entry_lonely_mermaid, uniq_fannar
Lair:4:   layout_long_grid, spider_nest_entry_webs, infiniplex_staircase_pool_2,
          minmay_lair_oklob_chamber, grunt_megastairs_2, serial_bayou_shore_b,
          uniq_nessos
Lair:5:   layout_small_grid, portal_ice_cave_entry_pillars_1
Lair:6:   minmay_lair_end_frog_pond, layout_long_grid, slime_altar_1,
          serial_bayou_pond_b, uniq_rupert

Skill      XL: |  1  2  3  4  5  6  7  8  9 10 11 12 13 14 |
---------------+-------------------------------------------+-----
Earth Magic    | 2 3 4 5 6 7 |  7.9
Spellcasting   | 5 6 7 8 9 10 | 10.3
Invocations    | 1 2 3 4 5 6 7 8 9 |  9.9
Short Blades   | 1 2 3 4 5 6 7 8 9 |  9.1
Long Blades    | 1 2 3 4 5 6 7 8 9 |  9.1
Axes           | 1 2 3 4 5 6 7 8 9 |  9.1
Maces & Flails | 1 2 3 4 5 6 7 8 9 |  9.1
Polearms       | 1 2 3 4 5 6 8 9 10 | 10.3
Staves         | 1 2 3 4 5 6 7 8 9 |  9.1
Slings         | 1 2 3 4 5 6 7 8 9 |  9.1
Bows           | 1 2 3 4 5 6 7 8 9 |  9.1
Crossbows      | 1 2 3 4 5 6 7 8 9 |  9.1
Armour         | 1 2 3 4 5 6 7 8 9 |  9.1
Dodging        | 1 2 3 4 5 6 7 8 9 |  9.1
Stealth        | 1 2 3 4 5 6 7 8 9 |  9.1
Shields        | 1 2 3 4 5 6 7 8 9 |  9.1
Evocations     | 1 2 3 4 5 6 7 8 9 |  9.1
Conjurations   | 1 2 3 4 5 6 7 |  7.5
Hexes          | 1 2 3 4 5 6 7 |  7.5
Charms         | 1 2 3 4 5 6 7 |  7.5
Summonings     | 1 2 3 4 5 6 7 |  7.5
Necromancy     | 1 2 3 4 5 6 7 |  7.5
Translocations | 1 2 3 4 5 6 7 |  7.5
Transmutations | 1 2 3 4 5 6 7 |  7.5
Fire Magic     | 1 2 3 4 5 6 7 |  7.5
Air Magic      | 1 2 3 4 5 6 7 |  7.5
Poison Magic   | 1 2 3 4 5 6 7 |  7.5
Fighting       | 3 4 5 6 7 8 9 |  9.4
Ice Magic      | 4 5 6 7 8 |  8.5
Throwing       | 5 6 7 8 9 10 | 10.1
Unarmed Combat | 5 6 7 8 9 10 | 10.1

Action                   |  1- 3 |  4- 6 |  7- 9 | 10-12 | 13-15 || total
-------------------------+-------+-------+-------+-------+-------++-------
Melee: Dagger            |    29 |       |       |       |       ||    29
       Bite              |     9 |    16 |    94 |   360 |   236 ||   715
       Punch             |     5 |     3 |    26 |    40 |       ||    74
       Spear             |    88 |   211 |   652 |  1314 |   234 ||  2499
       Flail             |       |       |    62 |    92 |       ||   154
       Trident           |       |       |     3 |    28 |    13 ||    44
       Long sword        |       |       |       |   123 |       ||   123
       Hand axe          |       |       |       |   208 |   898 ||  1106
       Falchion          |       |       |       |       |     2 ||     2
 Fire: Hand crossbow     |       |       |       |    41 |     9 ||    50
Throw: Javelin           |       |       |    15 |    15 |     1 ||    31
Invok: Heroism           |       |       |       |     3 |     7 ||    10
       Finesse           |       |       |       |       |     3 ||     3
Evoke: Wand              |       |       |       |     8 |     6 ||    14
       Lightning rod     |       |       |       |       |     5 ||     5
  Use: Potion            |     1 |       |     1 |     8 |     6 ||    16
       Scroll            |       |       |    12 |     2 |     7 ||    21
 Stab: Sleeping          |     4 |     8 |     8 |    21 |     5 ||    46
       Distracted        |       |       |     2 |     2 |     4 ||     8
       Invisible         |       |       |       |     3 |       ||     3
  Eat: Chunk             |     2 |     7 |    14 |    29 |    16 ||    68
       Ration            |       |       |       |       |     1 ||     1
Armor: Robe              |    38 |    57 |       |       |       ||    95
       Ring mail         |       |     1 |    48 |       |       ||    49
       Skin              |       |       |   115 |   141 |       ||   256
       Leather armour    |       |       |    10 |   438 |   277 ||   725
       Chain mail        |       |       |       |     3 |       ||     3
Dodge: Dodged            |    52 |   140 |   370 |  1183 |   890 ||  2635
Block: Buckler           |       |       |       |   302 |   572 ||   874
       Reflection        |       |       |       |     1 |    10 ||    11
       Rpst.: Long sword |       |       |       |    28 |       ||    28

Table legend:
 A = Non-vault XP
 B = Vault XP
 C = Vault XP percentage of total XP
 D = Non-vault monster count
 E = Vault monster count
 F = Vault count percentage of total count
                 A         B        C        D         E       F
            +---------+---------+-------+---------+---------+-------
      Total |   43879 |   24593 |  35.9 |     386 |     198 |  33.9
            +---------+---------+-------+---------+---------+-------
        D:1 |      68 |       0 |   0.0 |      27 |       0 |   0.0
        D:2 |      95 |      73 |  43.5 |      28 |      12 |  30.0
        D:3 |     154 |     211 |  57.8 |      29 |       1 |   3.3
        D:4 |     627 |     165 |  20.8 |      18 |       1 |   5.3
        D:5 |     645 |       0 |   0.0 |      17 |       0 |   0.0
        D:6 |     600 |     523 |  46.6 |      23 |      18 |  43.9
        D:7 |    1418 |     126 |   8.2 |      38 |      21 |  35.6
        D:8 |     614 |     469 |  43.3 |      19 |       1 |   5.0
        D:9 |    1987 |    1740 |  46.7 |      22 |      28 |  56.0
       D:10 |    1980 |       0 |   0.0 |      27 |       0 |   0.0
       D:11 |    3107 |     937 |  23.2 |      30 |       9 |  23.1
     Lair:1 |    2808 |       0 |   0.0 |      16 |       0 |   0.0
     Lair:2 |    6686 |    1059 |  13.7 |      19 |       2 |   9.5
     Lair:3 |    8303 |    4909 |  37.2 |      29 |      16 |  35.6
     Lair:4 |    6815 |    3368 |  33.1 |      25 |       7 |  21.9
     Lair:5 |    7972 |       0 |   0.0 |      19 |       0 |   0.0
    Ossuary |       0 |     420 | 100.0 |       0 |      36 | 100.0
      IceCv |       0 |   10593 | 100.0 |       0 |      46 | 100.0
            +---------+---------+-------+---------+---------+-------
